[Event "Alekhine U1400"]
[Site "Gatineau CAN"]
[Date "2023.02.07"]
[Round "4"]
[White "Radojicic, Janko"]
[Black "Radojicic, Lazar"]
[Result "1-0"]
[ECO "C65"]
[WhiteElo "1100"]
[BlackElo "1100"]
[PlyCount "107"]
[EventDate "2023.01.17"]
[EventType "swiss"]
[EventRounds "7"]
[EventCountry "CAN"]
[TimeControl "60+30"]

1. e4 e5 2. Nf3 Nc6 3. Bb5 Nf6 4. d3 Bc5 5. h3 d5 6. Bxc6+ bxc6 7. Nxe5 Qd6 8.
Bf4 Qe6 9. O-O Bd4 10. exd5 cxd5 11. c3 Bxe5 12. Bxe5 O-O 13. Bxc7 Ba6 14. Re1
Qf5 15. d4 Rfe8 16. Be5 Nd7 17. f4 f6 18. Qf3 fxe5 19. fxe5 Qxf3 20. gxf3 Rf8
21. Kf2 Rab8 22. b4 Bd3 23. a4 Be4 24. Nd2 Bc2 25. a5 Rfc8 26. Re3 Bf5 27. h4
Nf8 28. Nf1 Ng6 29. h5 Nf4 30. Ng3 Nd3+ 31. Ke2 Nf4+ 32. Kd2 Re8 33. Nxf5 Rf8
34. Ne7+ Kh8 35. Rg1 Rbe8 36. Ng6+ hxg6 37. hxg6 Re6 38. c4 dxc4 39. d5 Nxd5
40. Re4 c3+ 41. Kc2 Rxf3 42. Rd4 Ne3+ 43. Kxc3 Nf5+ 44. Kc4 Rc6+ 45. Kd5 Nxd4
46. Kxd4 Kg8 47. Kd5 Rfc3 48. e6 Rxe6 49. Kxe6 Rc4 50. Rd1 Rc8 51. Ke7 a6 52.
b5 axb5 53. Rd8+ Rxd8 54. Kxd8 1-0

[Event "Alekhine U1400"]
[Site "Gatineau CAN"]
[Date "2023.02.07"]
[Round "4"]
[White "Vachon, Jean-Clement"]
[Black "Moraga, Hernan"]
[Result "0-1"]
[ECO "B20"]
[WhiteElo "1190"]
[BlackElo "1235"]
[PlyCount "68"]
[EventDate "2023.01.17"]
[EventType "swiss"]
[EventRounds "7"]
[EventCountry "CAN"]
[TimeControl "60+30"]

1. e4 c5 2. Bc4 Nc6 3. c3 e6 4. d4 d5 5. exd5 exd5 6. Bb3 Nf6 7. Bf4 Bg4 8. Nf3
Be7 9. Nbd2 O-O 10. O-O cxd4 11. h3 dxc3 12. hxg4 cxd2 13. Nxd2 Rc8 14. Re1 Re8
15. Qf3 Nd4 16. Qd3 Bc5 17. Nf3 Nxf3+ 18. Qxf3 Ne4 19. Be3 d4 20. Rad1 Qb6 21.
Bxd4 Bxd4 22. Rxe4 Rxe4 23. Qxe4 Bxf2+ 24. Kf1 Qf6 25. Ke2 Qxb2+ 26. Rd2 Qf6
27. Bc2 g6 28. Rd1 Kf8 29. Rf1 Qb2 30. Kd1 Rd8+ 31. Bd3 Qxa2 32. Qf3 Qb3+ 33.
Kd2 Bh4 34. Kc1 Bg5+ 0-1

[Event "Alekhine U1400"]
[Site "Gatineau CAN"]
[Date "2023.02.07"]
[Round "4"]
[White "Vezina, Spencer"]
[Black "Levesque, Sabin"]
[Result "1-0"]
[ECO "B00"]
[WhiteElo "900"]
[BlackElo "950"]
[PlyCount "57"]
[EventDate "2023.01.17"]
[EventType "swiss"]
[EventRounds "7"]
[EventCountry "CAN"]
[TimeControl "60+30"]

1. d4 d6 2. e4 Nc6 3. Nf3 Nf6 4. Bb5 Bd7 5. Bd2 e5 6. d5 Nd4 7. Bxd7+ Qxd7 8.
Nxd4 exd4 9. Qe2 O-O-O 10. Bg5 h6 11. Bxf6 gxf6 12. c3 Re8 13. O-O f5 14. Nd2
dxc3 15. bxc3 Bg7 16. Qe3 h5 17. Qxa7 Kd8 18. Rac1 Bh6 19. Rcd1 f4 20. Qxb7
Rhg8 21. Nf3 Rxe4 22. Qb1 Rc4 23. Rc1 Qg4 24. g3 Qxf3 25. Qb8+ Ke7 26. Qxg8
fxg3 27. Rce1+ Kf6 28. fxg3 Be3+ 29. Rxe3 1-0

[Event "Alekhine U1400"]
[Site "Gatineau CAN"]
[Date "2023.02.07"]
[Round "4"]
[White "Villeneuve, Denis"]
[Black "Poitras, Sylvain"]
[Result "1-0"]
[ECO "B00"]
[WhiteElo "1374"]
[BlackElo "1308"]
[PlyCount "67"]
[EventDate "2023.01.17"]
[EventType "swiss"]
[EventRounds "7"]
[EventCountry "CAN"]
[TimeControl "60+30"]

1. e4 e6 2. d4 b6 3. Bd3 Bb7 4. Nc3 Bb4 5. Nf3 Nf6 6. e5 Ne4 7. Bxe4 Bxe4 8.
O-O Bxc3 9. bxc3 O-O 10. Nd2 Bb7 11. c4 Nc6 12. c3 Qg5 13. Ne4 Qg6 14. Ng3 Ne7
15. h4 h6 16. h5 Qh7 17. Qg4 Nf5 18. Ba3 d6 19. Rad1 g5 20. hxg6 fxg6 21. Nh5
Qe7 22. Qxg6+ Kh8 23. Qf6+ Rxf6 24. Nxf6 Qg7 25. g3 Rf8 26. Rd3 Rxf6 27. exf6
Qxf6 28. d5 exd5 29. cxd5 Ba6 30. Rf3 Bxf1 31. Kxf1 Qe5 32. Bb2 Qxd5 33. c4+
Nd4 34. cxd5 1-0

[Event "Alekhine U1400"]
[Site "Gatineau CAN"]
[Date "2023.02.14"]
[Round "5"]
[White "Chartrand, Alexis"]
[Black "Filion, Samuel"]
[Result "0-1"]
[ECO "D10"]
[WhiteElo "1144"]
[BlackElo "1118"]
[PlyCount "86"]
[EventDate "2023.01.17"]
[EventType "swiss"]
[EventRounds "7"]
[EventCountry "CAN"]
[TimeControl "60+30"]

1. d4 d5 2. c4 c6 3. Nc3 a6 4. cxd5 cxd5 5. e4 dxe4 6. Nxe4 Bf5 7. Ng3 Bg6 8.
Qa4+ Qd7 9. b3 Qxa4 10. bxa4 Nc6 11. Nf3 Nf6 12. Bc4 e6 13. O-O Bb4 14. Ne5
Nxe5 15. dxe5 Bc3 16. exf6 Bxa1 17. fxg7 Bxg7 18. Rd1 Rd8 19. Rxd8+ Kxd8 20.
Bg5+ Kd7 21. f3 Rc8 22. Bb3 Bc2 23. a5 Bxb3 24. axb3 f5 25. Nh5 Bd4+ 26. Kf1
Rc3 27. b4 Rb3 28. Bf6 Bxf6 29. Nxf6+ Ke7 30. Nxh7 Rxb4 31. Ng5 Ra4 32. g3 Rxa5
33. h4 Rc5 34. h5 Rc8 35. g4 fxg4 36. fxg4 a5 37. Ne4 a4 38. h6 a3 39. h7 a2
40. Nc3 a1=Q+ 41. Kg2 Qxc3 42. h8=Q Rxh8 43. g5 Rh3 0-1

[Event "Alekhine U1400"]
[Site "Gatineau CAN"]
[Date "2023.02.14"]
[Round "5"]
[White "Chenard, Paul"]
[Black "Deschenes, Stephane"]
[Result "0-1"]
[ECO "D02"]
[WhiteElo "905"]
[BlackElo "1000"]
[PlyCount "42"]
[EventDate "2023.01.17"]
[EventType "swiss"]
[EventRounds "7"]
[EventCountry "CAN"]
[TimeControl "60+30"]

1. Nf3 d5 2. d4 Nf6 3. h3 Bf5 4. g4 Bg6 5. Nc3 c6 6. Ne5 Nbd7 7. g5 Ne4 8. Nxg6
fxg6 9. Nxe4 dxe4 10. Bf4 e6 11. Bg2 Bb4+ 12. c3 Ba5 13. O-O O-O 14. Bxe4 Rxf4
15. Qd3 Qxg5+ 16. Bg2 Raf8 17. Qe3 R8f6 18. Kh2 Bc7 19. d5 Rxf2+ 20. d6 Bxd6+
21. Kh1 Qxg2# 0-1

[Event "Alekhine U1400"]
[Site "Gatineau CAN"]
[Date "2023.02.14"]
[Round "5"]
[White "Levesque, Sabin"]
[Black "Filion, Jean"]
[Result "0-1"]
[ECO "A45"]
[WhiteElo "950"]
[BlackElo "900"]
[PlyCount "46"]
[EventDate "2023.01.17"]
[EventType "swiss"]
[EventRounds "7"]
[EventCountry "CAN"]
[TimeControl "60+30"]

1. d4 e6 2. Bf4 Nf6 3. e3 Qe7 4. a3 Nd5 5. Bg3 h5 6. Ne2 h4 7. Bxc7 Nxc7 8. Nf4
Qg5 9. h3 Bd6 10. Qd2 Bxf4 11. exf4 Qf6 12. Bc4 b5 13. Bb3 Nc6 14. c3 Bb7 15.
O-O Qg6 16. d5 Na5 17. Qd1 Nxb3 18. Qxb3 Bxd5 19. g3 Bxb3 20. Nd2 Bd5 21. Rae1
hxg3 22. f3 Rxh3 23. Kg2 Rh2+ 0-1

[Event "Alekhine U1400"]
[Site "Gatineau CAN"]
[Date "2023.02.14"]
[Round "5"]
[White "Moraga, Hernan"]
[Black "Paradis, Emile"]
[Result "1-0"]
[ECO "D15"]
[WhiteElo "1235"]
[BlackElo "1432"]
[PlyCount "85"]
[EventDate "2023.01.17"]
[EventType "swiss"]
[EventRounds "7"]
[EventCountry "CAN"]
[TimeControl "60+30"]

1. d4 d5 2. c4 c6 3. Nc3 Nf6 4. Nf3 Bg4 5. Bg5 Nbd7 6. e3 h6 7. Bxf6 Nxf6 8. c5
e6 9. Be2 b6 10. b4 a5 11. a3 Be7 12. Ne5 Bxe2 13. Nxe2 Qc7 14. Nc3 O-O 15. Na4
bxc5 16. bxc5 Rab8 17. O-O Rb7 18. Nb6 Bxc5 19. Nbd7 Nxd7 20. Nxd7 Qxd7 21.
dxc5 Rfb8 22. Qa4 Qc7 23. e4 Qf4 24. Qxc6 Qxe4 25. Qd6 Rb1 26. h3 Rxa1 27. Rxa1
Rb1+ 28. Rxb1 Qxb1+ 29. Kh2 Qb2 30. c6 Qb6 31. Qd7 Qxf2 32. Qd6 Qb6 33. Qd7 Qf2
34. Qd8+ Kh7 35. Qb8 d4 36. Qd6 d3 37. Qxd3+ f5 38. Qf3 Qc5 39. g4 Qc2+ 40. Kg3
fxg4 41. hxg4 e5 42. Qf5+ Qxf5 43. gxf5 1-0

[Event "Alekhine U1400"]
[Site "Gatineau CAN"]
[Date "2023.02.14"]
[Round "5"]
[White "Radojicic, Lazar"]
[Black "Gratton, Marcel"]
[Result "1-0"]
[ECO "B01"]
[WhiteElo "1100"]
[BlackElo "1137"]
[PlyCount "89"]
[EventDate "2023.01.17"]
[EventType "swiss"]
[EventRounds "7"]
[EventCountry "CAN"]
[TimeControl "60+30"]

1. e4 d5 2. exd5 Qxd5 3. Nc3 Qd8 4. d4 Nf6 5. Nf3 Nc6 6. Bc4 e6 7. O-O Bd6 8.
Re1 a6 9. d5 b5 10. Bxb5 axb5 11. dxc6 b4 12. Nb5 Ba6 13. Qd3 Rb8 14. Nxd6+
cxd6 15. Qxa6 Rb6 16. Qc4 Nd5 17. Be3 Rb8 18. a3 Qc7 19. Bd2 bxa3 20. Qxd5 O-O
21. Qa5 Qxc6 22. Rxa3 Ra8 23. Nd4 Qe4 24. Rxe4 Rxa5 25. Rxa5 d5 26. Rg4 Re8 27.
b4 e5 28. Nc6 h5 29. Rg5 g6 30. Rxe5 Re6 31. Rxe6 fxe6 32. b5 Kf7 33. b6 Kf6
34. b7 e5 35. Rxd5 Ke6 36. Rd8 Kf5 37. b8=Q g5 38. Rf8+ Ke4 39. f3+ Kd5 40.
Rd8+ Kxc6 41. Qd6+ Kb5 42. Qb8+ Kc6 43. Rd6+ Kc5 44. Qc7+ Kb5 45. Rb6+ 1-0

[Event "Alekhine U1400"]
[Site "Gatineau CAN"]
[Date "2023.02.14"]
[Round "5"]
[White "Roy, Dominique"]
[Black "Deschenes, Ryan"]
[Result "1-0"]
[ECO "A00"]
[WhiteElo "1100"]
[BlackElo "1000"]
[PlyCount "67"]
[EventDate "2023.01.17"]
[EventType "swiss"]
[EventRounds "7"]
[EventCountry "CAN"]
[TimeControl "60+30"]

1. e4 d5 2. Nc3 d4 3. Nb5 c6 4. Na3 Nf6 5. d3 Bg4 6. f3 Bh5 7. g4 Bg6 8. Bg5
Qa5+ 9. Qd2 Qb6 10. O-O-O h5 11. Nc4 Qa6 12. Qa5 b6 13. Qxa6 Nxa6 14. Ne5 Nb8
15. Nxg6 fxg6 16. gxh5 gxh5 17. h4 Nbd7 18. Ne2 O-O-O 19. Nxd4 e5 20. Nf5 Bc5
21. Be3 Bb4 22. Nxg7 Nc5 23. Bh3+ Ncd7 24. Bg5 Rh7 25. Nf5 Bc5 26. d4 Bb4 27.
dxe5 Rf7 28. e6 Re7 29. Nxe7+ Bxe7 30. exd7+ Kc7 31. e5 Nxd7 32. Bxe7 Re8 33.
Rxd7+ Kc8 34. Rdd1+ 1-0

[Event "Alekhine U1400"]
[Site "Gatineau CAN"]
[Date "2023.02.14"]
[Round "5"]
[White "Vachon, Jean-Clement"]
[Black "De Carufel-Lebeau, Lucas"]
[Result "1-0"]
[ECO "C41"]
[WhiteElo "1190"]
[BlackElo "1266"]
[PlyCount "105"]
[EventDate "2023.01.17"]
[EventType "swiss"]
[EventRounds "7"]
[EventCountry "CAN"]
[TimeControl "60+30"]

1. e4 e5 2. Nf3 Nc6 3. d4 d6 4. dxe5 dxe5 5. Qxd8+ Nxd8 6. Nxe5 Bd6 7. Nf3 Bg4
8. Be2 Ne6 9. Nbd2 O-O-O 10. b3 Bxf3 11. Nxf3 Bb4+ 12. Bd2 Bxd2+ 13. Nxd2 Nd4
14. Kd1 Nf6 15. f3 Rd7 16. Bc4 g5 17. Bxf7 Rxf7 18. Kc1 Re7 19. Kb2 Rd8 20.
Rae1 Re5 21. Nf1 Nh5 22. Ne3 Nb5 23. Rd1 Nf4 24. g3 Ne2 25. Rd3 Rf8 26. a4 Nbd4
27. c3 Nxf3 28. Rf1 Rxe4 29. Nc4 g4 30. Nd2 Re6 31. Nxf3 gxf3 32. Rfxf3 Rxf3
33. Rxf3 h5 34. Rf5 Rh6 35. Rf1 Re6 36. Rf5 Ng1 37. Rxh5 Re2+ 38. Kc1 Nf3 39.
h4 Nh2 40. Rg5 Re3 41. h5 Rxc3+ 42. Kb2 Rc6 43. g4 Nf3 44. Rf5 Nd4 45. Rd5 Rc2+
46. Kb1 Rc3 47. Rxd4 Rxb3+ 48. Kc2 c5 49. Rd5 Rb6 50. h6 Rg6 {Je suppose qu'il
y a des erreurs de transcription en amont pour justifier ce coup insensÃ } 51.
Rxc5+ Kd7 52. h7 Kd6 53. Rf5 1-0

[Event "Alekhine U1400"]
[Site "Gatineau CAN"]
[Date "2023.02.14"]
[Round "5"]
[White "Vezina, Spencer"]
[Black "Simard, Paul"]
[Result "0-1"]
[ECO "D12"]
[WhiteElo "900"]
[BlackElo "1268"]
[PlyCount "82"]
[EventDate "2023.01.17"]
[EventType "swiss"]
[EventRounds "7"]
[EventCountry "CAN"]
[TimeControl "60+30"]

1. d4 d5 2. c4 c6 3. Nc3 Nf6 4. e3 Bf5 5. Nf3 e6 6. Bd3 Bxd3 7. Qxd3 Bd6 8. c5
Bc7 9. O-O O-O 10. e4 dxe4 11. Nxe4 Nbd7 12. Nxf6+ Nxf6 13. Bg5 h6 14. Bxf6
Qxf6 15. Rfe1 Rad8 16. Rad1 Rd5 17. Qb3 b6 18. cxb6 axb6 19. Ne5 c5 20. Nf3
Rfd8 21. dxc5 Rxd1 22. Rxd1 Rxd1+ 23. Qxd1 Qxb2 24. cxb6 Bxb6 25. Qe1 Qxa2 26.
Ne5 Bd4 27. g3 g5 28. Nf3 Bb6 29. Ne5 Qd5 30. Ng4 Kg7 31. Qc3+ Bd4 32. Qc2 Qf3
33. h3 Qxg3+ 34. Kh1 Qxh3+ 35. Nh2 Qh4 36. Kg1 Qf4 37. Nf1 g4 38. Ne3 g3 39.
Nd1 gxf2+ 40. Nxf2 Bxf2+ 41. Qxf2 Qxf2+ 0-1

[Event "Alekhine U1400"]
[Site "Gatineau CAN"]
[Date "2023.02.21"]
[Round "6"]
[White "Arvisais, Eric"]
[Black "Gagne, Learry"]
[Result "1-0"]
[ECO "D38"]
[WhiteElo "1185"]
[BlackElo "1123"]
[PlyCount "67"]
[EventDate "2023.01.17"]
[EventType "swiss"]
[EventRounds "7"]
[EventCountry "CAN"]
[TimeControl "60+30"]

1. d4 d5 2. c4 e6 3. Nc3 Nf6 4. Nf3 Bb4 5. Bd2 c5 6. a3 Ba5 7. dxc5 Nc6 8. b4
Bc7 9. b5 Na5 10. cxd5 exd5 11. Bg5 Be6 12. Qa4 b6 13. c6 O-O 14. e3 Bg4 15.
Be2 Qd6 16. Bf4 Qd8 17. Bg5 Qd6 18. Qf4 Qxf4 19. Bxf4 Bxf4 20. exf4 Rfe8 21.
Ne5 Bxe2 22. Nxe2 a6 23. a4 Nb3 24. Rd1 Nc5 25. Rd4 Ne6 26. Rd2 Nxf4 27. Nxf4
Rxe5+ 28. Kd1 axb5 29. Re1 Rxe1+ 30. Kxe1 bxa4 31. Nxd5 b5 32. Nxf6+ gxf6 33.
c7 Re8+ 34. Kd1 1-0

[Event "Alekhine U1400"]
[Site "Gatineau CAN"]
[Date "2023.02.21"]
[Round "6"]
[White "Deschenes, Stephane"]
[Black "Radojicic, Janko"]
[Result "1/2-1/2"]
[ECO "B21"]
[WhiteElo "1000"]
[BlackElo "1100"]
[PlyCount "112"]
[EventDate "2023.01.17"]
[EventType "swiss"]
[EventRounds "7"]
[EventCountry "CAN"]
[TimeControl "60+30"]

1. e4 c5 2. f4 Nc6 3. Nf3 d6 4. Bc4 h6 5. e5 Bg4 6. d3 d5 7. Bb3 b5 8. Nc3 c4
9. dxc4 Bxf3 10. Qxf3 bxc4 11. Ba4 Rc8 12. O-O e6 13. f5 Bc5+ 14. Be3 Bxe3+ 15.
Qxe3 Nge7 16. fxe6 fxe6 17. Qf2 Qb6 18. Qxb6 axb6 19. Nb5 Rb8 20. Nd6+ Kd7 21.
Rf7 Ra8 22. Bb5 Rhg8 23. Bxc6+ Kxc6 24. b4 Ng6 25. b5+ Kc5 26. Rc7+ Kd4 27. Nf7
Nxe5 28. Rd1+ Kc3 29. Nxe5 Rxa2 30. Nf3 Rxc2 31. Rf7 Rb2 32. Ne1 Kb4 33. Rf1
Kxb5 34. Nf3 Kc5 35. Nd4 e5 36. Nf3 Rf8 37. Nxe5 Rxf1+ 38. Rxf1 c3 39. Nd3+ Kc4
40. Nxb2+ cxb2 41. Kf2 Kc3 42. Ke3 b5 43. Kf4 b4 44. Ke5 Kc2 45. Kxd5 b1=Q 46.
Rxb1 Kxb1 47. Kc4 Kc1 48. Kxb4 Kd2 49. h4 Ke3 50. Kc5 Kf4 51. Kd5 h5 52. Ke6 g5
53. hxg5 Kxg5 54. Ke5 Kg4 55. Ke4 Kg3 56. Kf5 Kh4 1/2-1/2

[Event "Alekhine U1400"]
[Site "Gatineau CAN"]
[Date "2023.02.21"]
[Round "6"]
[White "Filion, Jean"]
[Black "Vezina, Spencer"]
[Result "1-0"]
[ECO "B23"]
[WhiteElo "900"]
[BlackElo "900"]
[PlyCount "85"]
[EventDate "2023.01.17"]
[EventType "swiss"]
[EventRounds "7"]
[EventCountry "CAN"]
[TimeControl "60+30"]

1. e4 e6 2. g3 d5 3. Nc3 c5 4. Bb5+ Bd7 5. Bxd7+ Nxd7 6. exd5 exd5 7. Qe2+ Be7
8. Nxd5 Ngf6 9. Nxe7 Qxe7 10. Qxe7+ Kxe7 11. f3 Rhe8 12. Ne2 Ne5 13. O-O Nxf3+
14. Rxf3 Kf8 15. Re3 Ng4 16. Rxe8+ Rxe8 17. h3 Nf6 18. Nf4 g5 19. Ng2 h5 20. d3
g4 21. h4 Nd5 22. Bh6+ Kg8 23. Re1 Rxe1+ 24. Nxe1 Kh7 25. Bc1 b5 26. a3 b4 27.
axb4 cxb4 28. Bd2 a5 29. b3 f5 30. Kf2 Kg6 31. Ng2 Kf6 32. Nf4 Nc3 33. Bxc3+
bxc3 34. Nd5+ Ke5 35. Nxc3 f4 36. Ne4 Kf5 37. gxf4 Kxf4 38. d4 g3+ 39. Nxg3 Kg4
40. d5 Kxh4 41. d6 Kg4 42. Nxh5 Kxh5 43. d7 1-0

[Event "Alekhine U1400"]
[Site "Gatineau CAN"]
[Date "2023.02.21"]
[Round "6"]
[White "Gratton, Constant"]
[Black "De Carufel-Lebeau, Lucas"]
[Result "0-1"]
[ECO "C50"]
[WhiteElo "1233"]
[BlackElo "1266"]
[PlyCount "90"]
[EventDate "2023.01.17"]
[EventType "swiss"]
[EventRounds "7"]
[EventCountry "CAN"]
[TimeControl "60+30"]

1. e4 e5 2. Nf3 Nc6 3. Bc4 Nf6 4. Nc3 Bc5 5. O-O d6 6. Ng5 Bg4 7. Qe1 Nd4 8.
Bb3 Bh5 9. d3 h6 10. Nh3 Bg4 11. Na4 Bxh3 12. Qe3 Nxc2 13. Qxh3 Nxa1 14. Nxc5
dxc5 15. Ba4+ c6 16. Bd2 Qd4 17. Bc3 Qxa4 18. Rxa1 Rd8 19. Bxe5 Nxe4 20. b3 Qb4
21. dxe4 Qxe4 22. Bc3 Qd3 23. Re1+ Kf8 24. Qxd3 Rxd3 25. Be5 f6 26. Bb8 Kf7 27.
Bxa7 Re8 28. Rc1 Re2 29. Bxc5 Rc2 30. Re1 Rxc5 31. g3 Rc2 32. Ra1 Rdd2 33. a4
Rxf2 34. h3 Rg2+ 35. Kf1 Rxg3 36. h4 Rxb3 37. a5 h5 38. Ke1 Rc5 39. Kd1 f5 40.
Ra4 Rb2 41. Ra3 Rcc2 42. Rd3 Rh2 43. Kc1 Ra2 44. Rd7+ Kf6 45. Rxb7 Rh1# 0-1

[Event "Alekhine U1400"]
[Site "Gatineau CAN"]
[Date "2023.02.21"]
[Round "6"]
[White "Gratton, Marcel"]
[Black "Albert, Michel"]
[Result "0-1"]
[ECO "C44"]
[WhiteElo "1137"]
[BlackElo "1194"]
[PlyCount "100"]
[EventDate "2023.01.17"]
[EventType "swiss"]
[EventRounds "7"]
[EventCountry "CAN"]
[TimeControl "60+30"]

1. e4 e6 2. Nf3 Nc6 3. Nc3 e5 4. d3 Nf6 5. Bg5 Be7 6. Qd2 h6 7. Be3 Ng4 8. h3
Nxe3 9. Qxe3 Nb4 10. Qe2 O-O 11. Nxe5 Bg5 12. a3 Nc6 13. Nxc6 bxc6 14. e5 d5
15. d4 Re8 16. Qf3 Be6 17. Bd3 Rf8 18. O-O Qe7 19. Ne2 f6 20. Qh5 fxe5 21. Qg6
e4 22. Ba6 Rf6 23. Qh5 Raf8 24. Ng3 c5 25. dxc5 Qxc5 26. Qe2 Rxf2 27. b4 Qd4
28. Rxf2 Rxf2 29. Qxf2 Be3 30. Qxe3 Qxe3+ 31. Kh2 d4 32. Bb7 Qd2 33. Bxe4 Kf7
34. Rf1+ Ke7 35. Nh5 Qe2 36. Ng3 Qa6 37. Ra1 c5 38. bxc5 Bc8 39. c6 Qa5 40. Ne2
Kd6 41. Nxd4 Qe5+ 42. Kh1 Qxe4 43. c3 Bxh3 44. Rg1 g5 45. Nb5+ Kxc6 46. Nd4+
Kc5 47. Kh2 g4 48. g3 Qd3 49. Rc1 Qd2+ 50. Kg1 Qg2# 0-1

[Event "Alekhine U1400"]
[Site "Gatineau CAN"]
[Date "2023.02.21"]
[Round "6"]
[White "Laflamme, Mathieu"]
[Black "Filion, Samuel"]
[Result "0-1"]
[ECO "D15"]
[WhiteElo "1230"]
[BlackElo "1118"]
[PlyCount "58"]
[EventDate "2023.01.17"]
[EventType "swiss"]
[EventRounds "7"]
[EventCountry "CAN"]
[TimeControl "1"]

1. d4 d5 2. c4 c6 3. Nc3 Nf6 4. Nf3 a6 5. Bg5 dxc4 6. e3 b5 7. a4 Nd5 8. Nxd5
Qxd5 9. Be2 Bg4 10. Ne5 Bxe2 11. Qxe2 f6 12. Qh5+ g6 13. Nxg6 Qxg5 14. Qxg5
fxg5 15. Nxh8 Bg7 16. Ng6 hxg6 17. O-O e6 18. axb5 cxb5 19. Rfd1 Nc6 20. Ra2
Nb4 21. Raa1 a5 22. Kf1 a4 23. Ra3 Rd8 24. Ke2 e5 25. dxe5 Bxe5 26. Rxd8+ Kxd8
27. Ra1 Bxb2 28. Rd1+ Nd3 29. Kd2 a3 0-1

[Event "Alekhine U1400"]
[Site "Gatineau CAN"]
[Date "2023.02.21"]
[Round "6"]
[White "Moraga, Hernan"]
[Black "Villeneuve, Denis"]
[Result "1-0"]
[ECO "C25"]
[WhiteElo "1235"]
[BlackElo "1374"]
[PlyCount "73"]
[EventDate "2023.01.17"]
[EventType "swiss"]
[EventRounds "7"]
[EventCountry "CAN"]
[TimeControl "60+30"]

1. e4 d6 2. Nc3 e5 3. Bc4 c6 4. Nf3 Be7 5. a3 Nf6 6. d3 O-O 7. O-O h6 8. Nb1
Qc7 9. Nbd2 d5 10. Ba2 Nbd7 11. Re1 Re8 12. c3 Bc5 13. d4 exd4 14. cxd4 Bb6 15.
e5 Ng4 16. h3 Nxf2 17. Kxf2 Nxe5 18. Nxe5 Bxd4+ 19. Kf1 Rxe5 20. Nf3 Rxe1+ 21.
Qxe1 Bc5 22. Be3 Bd6 23. Qc3 Be6 24. Nd4 c5 25. Nxe6 fxe6 26. Qc2 Qe7 27. Re1
Rf8+ 28. Kg1 Kh8 29. Bb1 g5 30. Bd2 e5 31. Qg6 Rf6 32. Qh5 e4 33. Bxg5 Qe5 34.
Bxf6+ Qxf6 35. Qxd5 Qf4 36. Rxe4 Qh2+ 37. Kf1 1-0

[Event "Alekhine U1400"]
[Site "Gatineau CAN"]
[Date "2023.02.21"]
[Round "6"]
[White "Radojicic, Lazar"]
[Black "Deschenes, Ryan"]
[Result "1-0"]
[ECO "B01"]
[WhiteElo "1100"]
[BlackElo "1000"]
[PlyCount "33"]
[EventDate "2023.01.17"]
[EventType "swiss"]
[EventRounds "7"]
[EventCountry "CAN"]
[TimeControl "60+30"]

1. e4 d5 2. exd5 Qxd5 3. Nc3 Qe5+ 4. Qe2 Qa5 5. d4 Nf6 6. Bd2 Bd7 7. Ne4 Qd5 8.
Nxf6+ gxf6 9. Qc4 Qe4+ 10. Be2 Qxg2 11. Bf3 Qg6 12. Bxb7 Be6 13. Qxc7 Na6 14.
Qc6+ Bd7 15. Qxa6 Bc8 16. Bxc8 Rxc8 17. Qxc8# 1-0

[Event "Alekhine U1400"]
[Site "Gatineau CAN"]
[Date "2023.02.21"]
[Round "6"]
[White "Roy, Dominique"]
[Black "Bolduc, Christian"]
[Result "1-0"]
[ECO "C50"]
[WhiteElo "1100"]
[BlackElo "1332"]
[PlyCount "93"]
[EventDate "2023.01.17"]
[EventType "swiss"]
[EventRounds "7"]
[EventCountry "CAN"]
[TimeControl "60+30"]

1. e4 e5 2. Bc4 Nc6 3. Nf3 h6 4. d4 d6 5. d5 Nce7 6. Nc3 a6 7. O-O b5 8. Bd3
Bb7 9. b4 Nf6 10. a4 c6 11. dxc6 Nxc6 12. Rb1 d5 13. axb5 Nxb4 14. bxa6 Bxa6
15. Bxa6 Rxa6 16. exd5 Nfxd5 17. Nxd5 Nxd5 18. Bb2 f6 19. c4 Nf4 20. Qxd8+ Kxd8
21. Rfd1+ Ke7 22. Ra1 Rxa1 23. Rxa1 Kf7 24. Ra7+ Be7 25. Ba3 Ng6 26. h4 Re8 27.
c5 Kg8 28. h5 Nf4 29. g4 Nd3 30. c6 Bxa3 31. Rxa3 e4 32. c7 Kh7 33. Rc3 Rc8 34.
Nd4 Nf4 35. Rc2 Nh3+ 36. Kf1 Nf4 37. Nb5 Nd5 38. Rc5 Ne7 39. Na7 Ra8 40. c8=Q
Nxc8 41. Nxc8 Ra1+ 42. Ke2 Ra2+ 43. Ke3 Ra4 44. f3 exf3 45. Kxf3 Ra3+ 46. Kf4
Ra4+ 47. Kf5 1-0

[Event "Alekhine U1400"]
[Site "Gatineau CAN"]
[Date "2023.02.21"]
[Round "6"]
[White "Simard, Paul"]
[Black "Poitras, Sylvain"]
[Result "0-1"]
[ECO "A40"]
[WhiteElo "1268"]
[BlackElo "1308"]
[PlyCount "152"]
[EventDate "2023.01.17"]
[EventType "swiss"]
[EventRounds "7"]
[EventCountry "CAN"]
[TimeControl "60+30"]

1. d4 b6 2. Bf4 Bb7 3. Nf3 e6 4. e3 f5 5. h3 Nf6 6. Nbd2 Bd6 7. Bxd6 cxd6 8.
Bc4 Nc6 9. a3 Ne7 10. O-O O-O 11. c3 Qc7 12. Bb3 d5 13. Ne5 b5 14. Ndf3 h6 15.
Bc2 Ne4 16. Qe2 d6 17. Nd3 a5 18. Nf4 Qd7 19. Qd1 Ng5 20. Nh4 e5 21. Nh5 Ne4
22. Ng3 f4 23. Nxe4 dxe4 24. Qh5 Nf5 25. Bb3+ d5 26. Ng6 Qf7 27. Bd1 f3 28.
gxf3 Ne7 29. Nxe7+ Qxe7 30. fxe4 exd4 31. Bb3 Kh8 32. cxd4 Qxe4 33. Qg4 Qf5 34.
Bd1 Rf6 35. Qxf5 Rxf5 36. Bg4 Rf6 37. Rac1 Rg6 38. Kh2 Rf8 39. Rc5 Bc6 40. Kg2
h5 41. Rxc6 Rxc6 42. Be2 b4 43. axb4 axb4 44. Bb5 Rc2 45. b3 Rb2 46. Ba4 Rc8
47. Kg3 g5 48. h4 gxh4+ 49. Kxh4 Rg8 50. Bc6 Rc2 51. Bxd5 Rg4+ 52. Kxh5 Rg7 53.
Be4 Rc8 54. Bg6 Rc6 55. Rg1 Rf6 56. f4 Rf5+ 57. Rg5 Rf6 58. f5 Rgxg6 59. fxg6
Kg7 60. e4 Rf4 61. Re5 Rf3 62. Re7+ Kg8 63. Kg5 Rxb3 64. Kf6 Rf3+ 65. Ke6 Rf4
66. Kd5 Rf6 67. Kc4 Rb6 68. Re5 b3 69. d5 b2 70. Re8+ Kg7 71. Re7+ Kxg6 72.
Re6+ Rxe6 73. dxe6 Kf6 74. Kc3 b1=Q 75. Kd4 Kxe6 76. e5 Qb2+ 0-1

[Event "Alekhine U1400"]
[Site "Gatineau CAN"]
[Date "2023.02.21"]
[Round "6"]
[White "Vezina, Maxime"]
[Black "Chenard, Paul"]
[Result "1-0"]
[ECO "C50"]
[WhiteElo "900"]
[BlackElo "905"]
[PlyCount "33"]
[EventDate "2023.01.17"]
[EventType "swiss"]
[EventRounds "7"]
[EventCountry "CAN"]
[TimeControl "60+30"]

1. e4 e5 2. Nf3 Nc6 3. Bc4 Bc5 4. O-O Nf6 5. h3 d5 6. exd5 e4 7. dxc6 bxc6 8.
Ne5 Qd4 9. Na3 Qxe5 10. d4 Bxd4 11. Be3 Bb6 12. Bxb6 axb6 13. g4 Qxb2 14. Qc1
Qd4 15. Rd1 Qe5 16. Qd2 Rf8 17. Qd8# 1-0

[Event "Alekhine U1400"]
[Site "Gatineau CAN"]
[Date "2023.02.28"]
[Round "7"]
[White "Bolduc, Christian"]
[Black "Roy, Dominique"]
[Result "1/2-1/2"]
[ECO "C02"]
[WhiteElo "1332"]
[BlackElo "1100"]
[PlyCount "120"]
[EventDate "2023.01.17"]
[EventType "swiss"]
[EventRounds "7"]
[EventCountry "CAN"]
[TimeControl "60+30"]

1. d4 e6 2. e4 d5 3. e5 a6 4. Nf3 Nc6 5. Nc3 Bb4 6. Bd2 Nge7 7. a3 Ba5 8. Bd3
Nf5 9. Bxf5 exf5 10. O-O Be6 11. Ng5 Qe7 12. Nxe6 Qxe6 13. b4 Bb6 14. Na4 Bxd4
15. c3 Bxe5 16. Re1 O-O 17. Nc5 Qc8 18. f4 Bf6 19. Qf3 Rd8 20. Rab1 b6 21. Nb3
d4 22. Qxc6 d3 23. Re3 Rd6 24. Qf3 Qd8 25. Rbe1 Re6 26. Rxe6 fxe6 27. Rxe6 Ra7
28. Qe3 Kf7 29. Rc6 Qd7 30. Qf3 Qe8 31. Qh5+ g6 32. Qxh7+ Bg7 33. Qxg6+ Kf8 34.
Qxf5+ Kg8 35. Qd5+ Kh8 36. Nc1 a5 37. b5 Qc8 38. Nxd3 Qg4 39. Qd8+ Kh7 40. Nf2
Qf5 41. h3 Qb1+ 42. Kh2 Qxb5 43. Qh4+ Kg8 44. Rg6 c5 45. Qg4 Qb2 46. Ne4 Rf7
47. Nd6 Qxd2 48. Nxf7 Kxf7 49. Rxg7+ Ke8 50. Rg8+ Ke7 51. Rg7+ Kd8 52. Qg5+ Kc8
53. Rg8+ Kb7 54. Qh5 Qxf4+ 55. Kg1 Qc1+ 56. Kh2 Qxc3 57. Qf7+ Ka6 58. Qd7 Qe5+
59. Kh1 Qe4 60. Ra8+ Qxa8 1/2-1/2